 Dungeon Crawl Stone Soup version 0.21.1-1-g345015f (webtiles) character file.

109 tidbits the Digger (level 4, 2/32 HPs)
             Began as a Gnoll Earth Elementalist on Feb 8, 2018.
             Quit the game on level 4 of the Dungeon on Feb 9, 2018.
             The game lasted 00:04:15 (347 turns).

tidbits the Digger (Gnoll Earth Elementalist)        Turns: 347, Time: 00:04:16

Health: 2/32       AC:  2    Str: 10    XL:     4   Next: 90%
Magic:  4/11       EV: 15    Int: 19    God:
Gold:   63         SH:  0    Dex: 17    Spells: 10/13 levels left

rFire    . . .     SeeInvis .   a - +1 dagger
rCold    . . .     Gourm    .   (no shield)
rNeg     . . .     Faith    .   c - +0 robe
rPois    .         Spirit   .   (no helmet)
rElec    .         Reflect  .   (no cloak)
rCorr    .         Harm     .   (no gloves)
MR       ++...                  (no boots)
Stlth    +++.......             (no amulet)
HPRegen  0.00/turn              (no ring)
MPRegen  0.12/turn              (no ring)

@: no status effects
A: distributed training, fangs 1, thin skeletal structure 1, magic resistance 2,
inhibited regeneration, strong nose
a: no special abilities


You were on level 4 of the Dungeon.
You were not hungry.

You visited 1 branch of the dungeon, and saw 4 of its levels.

You collected 63 gold pieces.

Inventory:

Hand Weapons
 a - a +1 dagger (weapon)
 g - a +0 whip
Missiles
 b - 46 stones (quivered)
 h - 23 bolts
Armour
 c - a +0 robe (worn)
Scrolls
 f - 2 scrolls of identify
Books
 e - a book of Geomancy

   Spells                             Type                      Level
   a - Sandblast                      Earth                        1
   b - Passwall                       Transmutation/Earth          2
   c - Stone Arrow                    Conjuration/Earth            3
   d - Petrify                        Transmutation/Earth          4
   e - Lee's Rapid Deconstruction     Earth                        5
Comestibles
 d - 2 rations


   Skills:
 + Level 1.2 Fighting
 + Level 1.2 Short Blades
 + Level 1.2 Long Blades
 + Level 1.2 Axes
 + Level 1.2 Maces & Flails
 + Level 1.2 Polearms
 + Level 1.2 Staves
 + Level 1.2 Slings
 + Level 1.2 Bows
 + Level 1.2 Crossbows
 + Level 1.2 Throwing
 + Level 1.2 Armour
 + Level 4.7 Dodging
 + Level 4.3 Stealth
 + Level 1.2 Shields
 + Level 1.2 Unarmed Combat
 + Level 5.1 Spellcasting
 + Level 1.0 Conjurations
 + Level 1.0 Hexes
 + Level 1.0 Charms
 + Level 1.0 Summonings
 + Level 1.0 Necromancy
 + Level 1.0 Translocations
 + Level 2.3 Transmutations
 + Level 1.0 Fire Magic
 + Level 1.0 Ice Magic
 + Level 1.0 Air Magic
 + Level 5.5 Earth Magic
 + Level 1.0 Poison Magic
 + Level 1.3 Invocations
 + Level 1.2 Evocations


You had 10 spell levels left.
You knew the following spells:

 Your Spells              Type           Power        Failure   Level  Hunger
a - Sandblast             Erth           ####..       1%          1    None
p - Passwall              Tmut/Erth      ###.......   3%          2    #......


Dungeon Overview and Level Annotations

Branches:
Dungeon (4/15)
 Temple: D:4-7

Altars:


Innate Abilities, Weirdness & Mutations

Your experience applies equally to all skills.
You have very sharp teeth.
Your uncanny sense of smell can sniff out nearby items.
You have a somewhat thin skeletal structure. (Dex +2, Stealth)
You are highly resistant to hostile enchantments. (MR++)
You do not regenerate when monsters are visible.


Message History

The orc shouts!
Unknown command.
Casting: Passwall
Confirm with . or Enter, or press ? or * to list all spells.
Aiming: Sandblast
Press: ? - help, Shift-Dir - straight line, f - orc
Aim: an orc, wielding a whip (hasn't noticed you)
The blast of sand misses the orc.
b - 48 stones The orc shouts!
The orc throws a tomahawk.
The tomahawk hits you.
An orc priest comes into view.
Wield which item (- for none, * to show all)? (? for menu, Esc to quit)
Okay, then.
It was a potion of agility.
You feel agile all of a sudden. The orc closely misses you.
An orc comes into view. It is wielding a morningstar.
It was a potion of cancellation.
Your magical effects are unravelling.
You feel magically purged.
Your magical contamination has completely faded away.
You feel a little less agile now. The orc hits you with a whip.
Unknown command.
The orc shouts!
You hit the orc. You bite the orc, but do no damage.
The orc is severely wounded.
The orc hits you with a whip.
You hit the orc.
You kill the orc!
You hit the orc. Your bite misses the orc.
The orc is lightly wounded.
The orc misses you.
You hit the orc.
The orc is heavily wounded.
The orc barely misses you.
You hit the orc.
You kill the orc!
Casting: Sandblast
Confirm with . or Enter, or press ? or * to list all spells.
Aiming: Sandblast
Press: ? - help, Shift-Dir - straight line, f - orc priest
Aim: an orc priest, wearing a shiny ring mail The blast of sand misses the orc priest.
b - 47 stones The orc priest misses you.
Casting: Sandblast
Confirm with . or Enter, or press ? or * to list all spells.
Aiming: Sandblast
Press: ? - help, Shift-Dir - straight line, f/p - orc priest
Aim: an orc priest, wearing a shiny ring mail The blast of sand hits the orc priest.
b - 46 stones The orc priest completely misses you.
You aren't carrying any potions.
Unknown command.
You aren't carrying any items that you can evoke.
Unknown command.
You aren't carrying any potions.
Unknown command.
As you read the scroll labeled WEBYTHR UROUTH, it crumbles to dust.
It is a scroll of identify.
You don't have any unidentified items.
The orc priest casts a cantrip, but nothing happens.
Found a fuming sapphire potion.
The orc priest mumbles some strange prayers to Beogh against you.
Pain shoots through your body!
The orc priest miscasts a cantrip.
Found a scroll of identify.
You see here a fuming sapphire potion.
It was a potion of mutation.
You feel extremely strange.
Your regeneration stops near monsters.
Your bones become slightly less dense.
You feel resistant to hostile enchantments.
You feel more resistant to hostile enchantments.
You aren't carrying any potions.
Unknown command.
Okay, then.
The orc priest barely misses you.
The orc priest calls down the wrath of Beogh upon you.
Beogh smites you!
* * * LOW HITPOINT WARNING * * *
A phantom comes into view.
You see here a scroll labeled NIOZOSHERARU.
As you read the scroll labeled NIOZOSHERARU, it crumbles to dust.
It is a scroll of enchant weapon.
Your +0 dagger glows red for a moment.
The orc priest hits you.
* * * LOW HITPOINT WARNING * * *
The phantom blinks!
You see here a scroll of identify.
You don't have any unidentified items.
Unknown command.
f - 2 scrolls of identify (gained 1)
You aren't carrying any potions.
Unknown command.
The phantom hits you.
* * * LOW HITPOINT WARNING * * *
The phantom blinks!
The phantom blinks!
Are you sure you want to abandon this character and quit the game? (Confirm with "yes".)

######### #..W.....
########........
#.@.o.oW........
#.#####......... #.
#......... # ..
#####........ #.
#####..o.........
####.#####...##........
..............#........
##.##........##.######
#............# .#


You could see a phantom, an orc priest and an orc.

Vanquished Creatures
  An orc wizard (D:4)
  Jessica (D:2)
  3 gnolls (D:3)
  A worm (D:2)
  A dart slug (D:4)
  2 orcs (D:4)
  A goblin (D:1)
  4 hobgoblins
  3 kobolds
  A ball python (D:3)
  3 frilled lizards
  2 rats
23 creatures vanquished.

Notes
Turn   | Place    | Note
-------+----------+-------------------------------------------
     0 | D:1      | tidbits the Gnoll Earth Elementalist began the quest for the Orb.
     0 | D:1      | Reached XP level 1. HP: 13/13 MP: 6/6
    43 | D:1      | Reached skill level 2 in Transmutations
    81 | D:1      | Reached XP level 2. HP: 14/19 MP: 4/7
   118 | D:2      | Learned a level 2 spell: Passwall
   218 | D:2      | Noticed Jessica
   229 | D:2      | Killed Jessica
   229 | D:2      | Reached skill level 5 in Spellcasting
   229 | D:2      | Reached skill level 1 in Invocations
   229 | D:2      | Reached XP level 3. HP: 25/25 MP: 6/9
   243 | D:3      | Reached skill level 1 in Fighting
   243 | D:3      | Reached skill level 1 in Short Blades
   243 | D:3      | Reached skill level 1 in Long Blades
   243 | D:3      | Reached skill level 1 in Axes
   243 | D:3      | Reached skill level 1 in Maces & Flails
   243 | D:3      | Reached skill level 1 in Polearms
   243 | D:3      | Reached skill level 1 in Staves
   243 | D:3      | Reached skill level 1 in Slings
   243 | D:3      | Reached skill level 1 in Bows
   243 | D:3      | Reached skill level 1 in Crossbows
   243 | D:3      | Reached skill level 1 in Throwing
   243 | D:3      | Reached skill level 1 in Armour
   243 | D:3      | Reached skill level 1 in Shields
   243 | D:3      | Reached skill level 1 in Unarmed Combat
   243 | D:3      | Reached skill level 1 in Evocations
   245 | D:3      | Reached XP level 4. HP: 29/32 MP: 1/11
   305 | D:4      | Reached skill level 1 in Conjurations
   305 | D:4      | Reached skill level 1 in Hexes
   305 | D:4      | Reached skill level 1 in Charms
   305 | D:4      | Reached skill level 1 in Summonings
   305 | D:4      | Reached skill level 1 in Necromancy
   305 | D:4      | Reached skill level 1 in Translocations
   305 | D:4      | Reached skill level 1 in Fire Magic
   305 | D:4      | Reached skill level 1 in Ice Magic
   305 | D:4      | Reached skill level 1 in Air Magic
   305 | D:4      | Reached skill level 1 in Poison Magic
   329 | D:4      | Gained mutation: You do not regenerate when monsters are visible. [potion of mutation]
   329 | D:4      | Gained mutation: You have a somewhat thin skeletal structure. (Dex +2, Stealth) [potion of mutation]
   329 | D:4      | Gained mutation: You are resistant to hostile enchantments. (MR+) [potion of mutation]
   329 | D:4      | Gained mutation: You are highly resistant to hostile enchantments. (MR++) [potion of mutation]
   334 | D:4      | Noticed a phantom
   341 | D:4      | HP: 2/32 [phantom (6)]
   347 | D:4      | Quit the game

Skill      XL: |  1  2  3  4 |
---------------+-------------+-----
Transmutations | 2 |  2.3
Spellcasting   | 5 |  5.1
Invocations    | 1 |  1.3
Fighting       | 1 |  1.2
Short Blades   | 1 |  1.2
Long Blades    | 1 |  1.2
Axes           | 1 |  1.2
Maces & Flails | 1 |  1.2
Polearms       | 1 |  1.2
Staves         | 1 |  1.2
Slings         | 1 |  1.2
Bows           | 1 |  1.2
Crossbows      | 1 |  1.2
Throwing       | 1 |  1.2
Armour         | 1 |  1.2
Shields        | 1 |  1.2
Unarmed Combat | 1 |  1.2
Evocations     | 1 |  1.2
Conjurations   | 1 |  1.0
Hexes          | 1 |  1.0
Charms         | 1 |  1.0
Summonings     | 1 |  1.0
Necromancy     | 1 |  1.0
Translocations | 1 |  1.0
Fire Magic     | 1 |  1.0
Ice Magic      | 1 |  1.0
Air Magic      | 1 |  1.0
Poison Magic   | 1 |  1.0
Dodging        | |  4.7
Stealth        | |  4.3
Earth Magic    | |  5.5

Action                   |  1- 3 |  4- 6 || total
-------------------------+-------+-------++-------
Melee: Unarmed           |     1 |       ||     1
       Dagger            |     2 |     7 ||     9
       Bite              |       |     1 ||     1
 Cast: Sandblast         |    21 |     7 ||    28
       Passwall          |     2 |     1 ||     3
  Use: Potion            |       |     3 ||     3
       Scroll            |       |     2 ||     2
 Stab: Sleeping          |     3 |     1 ||     4
Armor: Robe              |     1 |     1 ||     2
Dodge: Dodged            |     2 |     7 ||     9

Table legend:
 A = Turns spent in this place as a percentage of turns spent in the entire game.
 B = Non-inter-level travel turns spent in this place as a percentage of non-inter-level travel turns spent in the entire game.
 C = Inter-level travel turns spent in this place as a percentage of turns spent in this place.
 D = Turns resting spent in this place as a percentage of non-inter-level travel turns spent in this place.
 E = Turns spent auto-exploring this place as a percentage of non-inter-level travel turns spent in this place.
 F = Non-inter-level travel turns spent in this place divided by the number of levels of this place that you've seen.
                   A       B       C       D       E      F
               +-------+-------+-------+-------+-------+----------------------
         Total | 100.0 | 100.0 |   0.0 |   0.0 |   0.0 |  86.8
       Dungeon | 100.0 | 100.0 |   0.0 |   0.0 |   0.0 |  86.8
               +-------+-------+-------+-------+-------+----------------------

Table legend:
 A = Kills in this place as a percentage of kills in entire the game.
 B = Kills by you in this place as a percentage of kills by you in the entire game.
 C = Kills by friends in this place as a percentage of kills by friends in the entire game.
 D = Other kills in this place as a percentage of other kills in the entire game.
 E = Experience gained in this place as a percentage of experience gained in the entire game.
 F = Experience gained in this place divided by the number of levels of this place that you have seen.
                   A       B       C       D       E      F
               +-------+-------+-------+-------+-------+----------------------
         Total | 100.0 | 100.0 |   N/A |   N/A | 100.0 |  39.2
       Dungeon | 100.0 | 100.0 |   N/A |   N/A | 100.0 |  39.2
               +-------+-------+-------+-------+-------+----------------------

Vault maps used:
D:1:      arrival_zaba_pyramid
D:2:      uniq_jessica, uniq_sigmund
D:3:      first_ration
